[ PARTIDA AOE2 · #513827380 ]
UnrankedBizantinos vs Goths
Equipo del jugador · VICT
Equipo rival · DERR
[ ANÁLISIS DE REPETICIÓN · EXTRAÍDO DE LA PARTIDA GRABADA ]
Feudal
13:15
Castillos
25:31
Imperial
42:10
| APM promedio | 59.7 |
| APM pico | 180 |
| eAPM promedio | 27.1 |
| Aldeanos / militares | 152 / 92 |
Foco
⚔️ 28.2% · 🌾 71.8%
Archer ×28 · Cataphract ×26 · Hand Cannoneer ×15 · Skirmisher ×10 · Monk ×4 · Militia ×4
Feudal
13:18
Castillos
27:20
Imperial
—
| APM promedio | 39.9 |
| APM pico | 104 |
| eAPM promedio | 24.4 |
| Aldeanos / militares | 105 / 152 |
Foco
⚔️ 41.4% · 🌾 58.6%
Huskarl ×44 · Skirmisher ×37 · Militia ×26 · Archer ×18 · Spearman ×12 · Knight ×7
Mapa de la partida
Recursos iniciales + cada clic de construcción. Líneas = muros · curvas = relieve. ◆ oro · ⬟ piedra · ● bayas · ✦ reliquia · ◌ hueco del cierre
Tu base· Abierta — hueco de 4t
Base de Philip Morris· Abierta — hueco de 5t
Terreno inicial suavizado · ◌ = hueco del cierre detectado · pasá el cursor para detalles
Inputs por minuto
— anaullo95 - - Philip Morris
Build order — anaullo95
Primeras 150 de 439 acciones detectadas
| 0:00 | Encolar | Villager (Male) |
| 0:01 | Encolar | Villager (Male) |
| 0:02 | Construir | House |
| 0:04 | Construir | House |
| 0:17 | Encolar | Villager (Male) |
| 0:17 | Encolar | Villager (Male) |
| 1:20 | Investigar | Loom |
| 1:32 | Encolar | Villager (Male) |
| 1:48 | Encolar | Villager (Male) |
| 2:05 | Encolar | Villager (Male) |
| 2:41 | Construir | House |
| 2:49 | Encolar | Villager (Male) |
| 2:49 | Encolar | Villager (Male) |
| 3:23 | Construir | Lumber Camp |
| 3:24 | Encolar | Villager (Male) |
| 3:56 | Encolar | Villager (Male) |
| 4:17 | Encolar | Villager (Male) |
| 4:35 | Encolar | Villager (Male) |
| 4:53 | Encolar | Villager (Male) |
| 5:33 | Construir | Barracks |
| 5:35 | Encolar | Villager (Male) |
| 6:03 | Encolar | Villager (Male) |
| 6:25 | Construir | House |
| 6:26 | Encolar | Militia |
| 6:26 | Encolar | Militia |
| 6:26 | Encolar | Militia |
| 6:37 | Encolar | Villager (Male) |
| 6:56 | Construir | House |
| 6:58 | Encolar | Militia |
| 7:00 | Encolar | Villager (Male) |
| 7:10 | Construir | Palisade Wall |
| 7:12 | Construir | Palisade Wall |
| 7:13 | Construir | Palisade Wall |
| 7:29 | Encolar | Villager (Male) |
| 7:31 | Construir | House |
| 7:35 | Encolar | Villager (Male) |
| 7:49 | Construir | Palisade Wall |
| 7:53 | Construir | Palisade Wall |
| 7:59 | Encolar | Villager (Male) |
| 8:07 | Construir | Palisade Wall |
| 8:19 | Construir | House |
| 8:39 | Encolar | Villager (Male) |
| 8:51 | Construir | Mill |
| 9:18 | Encolar | Villager (Male) |
| 9:20 | Construir | House |
| 9:37 | Encolar | Villager (Male) |
| 9:42 | Construir | Palisade Wall |
| 9:59 | Encolar | Villager (Male) |
| 10:13 | Construir | House |
| 10:18 | Construir | Farm |
| 10:32 | Encolar | Villager (Male) |
| 10:53 | Construir | House |
| 11:05 | Investigar | Feudal Age |
| 11:05 | Investigar | Feudal Age |
| 11:05 | Investigar | Feudal Age |
| 11:08 | Construir | Mining Camp |
| 11:59 | Construir | Lumber Camp |
| 12:34 | Construir | Palisade Wall |
| 12:47 | Construir | House |
| 13:15 | Edad | Edad Feudal |
| 13:17 | Construir | Archery Range |
| 13:17 | Encolar | Villager (Male) |
| 13:20 | Investigar | Double-Bit Axe |
| 13:29 | Encolar | Villager (Male) |
| 13:35 | Construir | Watch Tower |
| 13:46 | Construir | House |
| 13:51 | Construir | House |
| 13:52 | Encolar | Villager (Male) |
| 14:03 | Encolar | Villager (Male) |
| 14:12 | Construir | House |
| 14:14 | Encolar | Archer |
| 14:21 | Construir | House |
| 14:22 | Encolar | Villager (Male) |
| 14:24 | Construir | Farm |
| 14:26 | Encolar | Villager (Male) |
| 14:27 | Encolar | Archer |
| 14:41 | Construir | Farm |
| 14:43 | Construir | Farm |
| 14:57 | Construir | House |
| 15:02 | Encolar | Villager (Male) |
| 15:06 | Encolar | Villager (Male) |
| 15:14 | Construir | Blacksmith |
| 15:20 | Construir | House |
| 15:22 | Encolar | Villager (Male) |
| 15:25 | Encolar | Archer |
| 15:28 | Encolar | Villager (Male) |
| 15:30 | Encolar | Villager (Male) |
| 15:32 | Construir | Farm |
| 15:45 | Encolar | Villager (Male) |
| 15:47 | Encolar | Archer |
| 15:52 | Construir | Farm |
| 16:03 | Encolar | Archer |
| 16:22 | Investigar | Fletching |
| 16:26 | Construir | Mining Camp |
| 16:27 | Encolar | Villager (Male) |
| 16:34 | Construir | House |
| 16:36 | Construir | House |
| 16:48 | Construir | House |
| 16:53 | Encolar | Archer |
| 16:58 | Encolar | Skirmisher |
| 16:58 | Encolar | Skirmisher |
| 17:00 | Encolar | Villager (Male) |
| 17:05 | Construir | Farm |
| 17:06 | Construir | Farm |
| 17:09 | Encolar | Skirmisher |
| 17:29 | Encolar | Skirmisher |
| 17:48 | Encolar | Skirmisher |
| 18:20 | Encolar | Skirmisher |
| 18:26 | Construir | Watch Tower |
| 18:36 | Construir | Palisade Wall |
| 18:38 | Encolar | Villager (Male) |
| 18:39 | Encolar | Skirmisher |
| 18:45 | Encolar | Villager (Male) |
| 18:50 | Encolar | Villager (Male) |
| 18:52 | Construir | Farm |
| 18:56 | Construir | Market |
| 18:58 | Construir | Farm |
| 19:00 | Construir | Farm |
| 19:06 | Encolar | Skirmisher |
| 19:09 | Construir | Farm |
| 19:20 | Construir | Palisade Gate |
| 19:22 | Encolar | Skirmisher |
| 19:28 | Encolar | Villager (Male) |
| 19:50 | Construir | Farm |
| 19:51 | Encolar | Skirmisher |
| 20:02 | Construir | Farm |
| 20:08 | Construir | Farm |
| 20:25 | Encolar | Villager (Male) |
| 20:41 | Construir | Watch Tower |
| 20:53 | Encolar | Villager (Male) |
| 21:01 | Construir | Farm |
| 21:33 | Construir | Farm |
| 21:34 | Construir | Farm |
| 21:48 | Construir | Mill |
| 22:01 | Encolar | Archer |
| 22:51 | Investigar | Castle Age |
| 23:00 | Encolar | Archer |
| 23:41 | Encolar | Archer |
| 24:05 | Investigar | Horse Collar |
| 24:07 | Encolar | Archer |
| 24:12 | Construir | Archery Range |
| 24:41 | Encolar | Archer |
| 25:00 | Encolar | Archer |
| 25:04 | Encolar | Spearman |
| 25:18 | Encolar | Villager (Male) |
| 25:30 | Encolar | Spearman |
| 25:31 | Edad | Edad de los Castillos |
| 25:37 | Construir | Town Center |
| 25:44 | Investigar | Crossbowman (upgrade) |
| 25:50 | Investigar | Bodkin Arrow |
Build order — Philip Morris
Primeras 150 de 381 acciones detectadas
| 0:01 | Investigar | Loom |
| 0:02 | Encolar | Villager (Male) ×4 |
| 0:03 | Construir | House |
| 0:05 | Construir | House |
| 1:23 | Encolar | Villager (Male) |
| 1:23 | Encolar | Villager (Male) |
| 1:49 | Encolar | Villager (Male) |
| 1:49 | Encolar | Villager (Male) |
| 2:21 | Construir | House |
| 2:32 | Encolar | Villager (Male) |
| 2:32 | Encolar | Villager (Male) |
| 2:32 | Encolar | Villager (Male) |
| 2:54 | Encolar | Villager (Male) |
| 2:54 | Encolar | Villager (Male) |
| 3:19 | Encolar | Villager (Male) |
| 3:20 | Encolar | Villager (Male) |
| 3:42 | Construir | Barracks |
| 4:08 | Encolar | Villager (Male) |
| 4:08 | Encolar | Villager (Male) |
| 4:08 | Encolar | Villager (Male) |
| 4:29 | Encolar | Militia |
| 4:29 | Encolar | Militia |
| 4:29 | Encolar | Militia |
| 4:32 | Encolar | Militia |
| 4:33 | Encolar | Militia |
| 4:38 | Encolar | Militia |
| 4:38 | Encolar | Militia |
| 4:39 | Encolar | Militia |
| 5:12 | Construir | House |
| 5:19 | Encolar | Villager (Male) |
| 5:20 | Encolar | Villager (Male) |
| 5:20 | Encolar | Villager (Male) |
| 5:33 | Encolar | Villager (Male) |
| 5:34 | Encolar | Villager (Male) |
| 5:34 | Encolar | Villager (Male) |
| 6:11 | Encolar | Militia |
| 6:12 | Encolar | Militia |
| 6:12 | Encolar | Militia |
| 6:15 | Construir | House |
| 6:52 | Encolar | Villager (Male) |
| 6:52 | Encolar | Villager (Male) |
| 6:52 | Encolar | Villager (Male) |
| 7:06 | Construir | House |
| 7:44 | Encolar | Villager (Male) |
| 8:00 | Encolar | Villager (Male) |
| 8:11 | Construir | Lumber Camp |
| 8:41 | Encolar | Villager (Male) |
| 8:45 | Encolar | Villager (Male) |
| 8:57 | Encolar | Villager (Male) |
| 8:58 | Encolar | Militia |
| 8:58 | Encolar | Militia |
| 9:39 | Encolar | Villager (Male) |
| 9:44 | Construir | Mill |
| 10:21 | Encolar | Villager (Male) |
| 10:25 | Construir | House |
| 10:40 | Construir | House |
| 10:47 | Construir | House |
| 11:09 | Investigar | Feudal Age |
| 11:09 | Investigar | Feudal Age |
| 11:14 | Construir | Mining Camp |
| 11:19 | Construir | House |
| 11:29 | Encolar | Militia |
| 11:29 | Encolar | Militia |
| 11:29 | Encolar | Militia |
| 11:47 | Construir | Farm |
| 11:55 | Construir | Farm |
| 11:57 | Construir | Farm |
| 13:18 | Edad | Edad Feudal |
| 13:23 | Construir | Watch Tower |
| 13:34 | Investigar | Man-at-Arms (upgrade) |
| 13:36 | Encolar | Villager (Male) |
| 13:38 | Investigar | Double-Bit Axe |
| 13:39 | Investigar | Double-Bit Axe |
| 13:43 | Construir | Blacksmith |
| 13:56 | Encolar | Villager (Male) |
| 13:58 | Investigar | Town Watch |
| 14:04 | Encolar | Militia |
| 14:25 | Encolar | Villager (Male) |
| 14:27 | Construir | Farm |
| 14:30 | Construir | Farm |
| 14:34 | Encolar | Villager (Male) |
| 14:44 | Construir | Archery Range |
| 14:54 | Investigar | Fletching |
| 15:43 | Encolar | Skirmisher |
| 15:43 | Encolar | Skirmisher |
| 15:44 | Encolar | Skirmisher |
| 15:48 | Construir | Stable |
| 15:50 | Encolar | Spearman |
| 15:50 | Encolar | Spearman |
| 15:54 | Investigar | Gold Mining |
| 15:55 | Encolar | Villager (Male) |
| 15:56 | Encolar | Villager (Male) |
| 16:25 | Encolar | Skirmisher |
| 16:26 | Encolar | Skirmisher |
| 16:35 | Encolar | Skirmisher |
| 16:36 | Encolar | Skirmisher |
| 16:37 | Encolar | Villager (Male) |
| 16:37 | Encolar | Villager (Male) |
| 16:37 | Encolar | Villager (Male) |
| 16:39 | Construir | Farm |
| 16:40 | Construir | Farm |
| 16:48 | Construir | Farm |
| 16:58 | Construir | Mining Camp |
| 17:22 | Encolar | Villager (Male) |
| 17:23 | Encolar | Skirmisher |
| 17:42 | Encolar | Villager (Male) |
| 18:06 | Encolar | Villager (Male) |
| 18:09 | Construir | House |
| 18:11 | Construir | House |
| 18:25 | Encolar | Villager (Male) |
| 18:28 | Construir | Farm |
| 18:29 | Construir | Farm |
| 18:32 | Construir | Farm |
| 18:56 | Encolar | Skirmisher |
| 18:56 | Encolar | Skirmisher |
| 18:59 | Encolar | Villager (Male) |
| 19:01 | Construir | Farm |
| 19:29 | Construir | Farm |
| 19:31 | Construir | Farm |
| 19:31 | Investigar | Horse Collar |
| 19:44 | Investigar | Wheelbarrow |
| 19:56 | Construir | Watch Tower |
| 20:29 | Encolar | Villager (Male) |
| 20:45 | Construir | Lumber Camp |
| 21:07 | Construir | Lumber Camp |
| 21:30 | Construir | Farm |
| 21:31 | Construir | Farm |
| 21:32 | Construir | Farm |
| 21:33 | Construir | Farm |
| 21:37 | Construir | Farm |
| 21:41 | Encolar | Skirmisher |
| 21:42 | Encolar | Skirmisher |
| 21:46 | Construir | House |
| 21:58 | Construir | House |
| 21:59 | Construir | House |
| 22:01 | Construir | House |
| 22:10 | Construir | House |
| 22:11 | Construir | Palisade Wall |
| 22:12 | Construir | Palisade Wall |
| 22:16 | Encolar | Skirmisher |
| 22:16 | Encolar | Skirmisher |
| 22:28 | Encolar | Militia |
| 22:29 | Encolar | Militia |
| 22:29 | Encolar | Militia |
| 22:37 | Encolar | Scout Cavalry |
| 22:37 | Encolar | Scout Cavalry |
| 22:39 | Encolar | Villager (Male) |
| 22:39 | Encolar | Villager (Male) |
| 23:12 | Construir | Market |
| 23:18 | Encolar | Skirmisher |
Cronología de la partida
| 3:42 | Philip Morris · first_building Barracks |
| 5:33 | anaullo95 · first_building Barracks |
| 7:10 | anaullo95 · wall_segment Palisade Wall x4 |
| 7:12 | anaullo95 · wall_segment Palisade Wall x4 |
| 7:13 | anaullo95 · wall_segment Palisade Wall x3 |
| 7:49 | anaullo95 · wall_segment Palisade Wall x1 |
| 7:53 | anaullo95 · wall_segment Palisade Wall x4 |
| 8:07 | anaullo95 · wall_segment Palisade Wall x8 |
| 9:42 | anaullo95 · wall_segment Palisade Wall x1 |
| 12:34 | anaullo95 · wall_segment Palisade Wall x1 |
| 13:15 | anaullo95 · age_up feudal |
| 13:17 | anaullo95 · first_building Archery Range |
| 13:18 | Philip Morris · age_up feudal |
| 14:44 | Philip Morris · first_building Archery Range |
| 15:48 | Philip Morris · first_building Stable |
| 18:36 | anaullo95 · wall_segment Palisade Wall x1 |
| 20:59 | anaullo95 · first_market_buy 100 food |
| 21:58 | anaullo95 · first_market_sell 100 wood |
| 22:11 | Philip Morris · wall_segment Palisade Wall x1 |
| 22:12 | Philip Morris · wall_segment Palisade Wall x8 |
| 24:37 | Philip Morris · first_market_buy 500 food |
| 24:39 | Philip Morris · first_market_sell 100 wood |
| 25:31 | anaullo95 · age_up castle |
| 27:20 | Philip Morris · age_up castle |
| 27:32 | anaullo95 · first_building Castle |
| 28:01 | Philip Morris · first_building Siege Workshop |
| 29:26 | anaullo95 · first_building Monastery |
| 30:10 | anaullo95 · wall_segment Stone Wall x6 |
| 32:31 | anaullo95 · wall_segment Stone Wall x9 |
| 33:06 | Philip Morris · first_building Castle |
| 33:22 | anaullo95 · first_building Siege Workshop |
| 34:22 | anaullo95 · wall_segment Stone Wall x1 |
| 34:27 | anaullo95 · wall_segment Stone Wall x6 |
| 34:32 | anaullo95 · wall_segment Stone Wall x3 |
| 34:34 | anaullo95 · wall_segment Stone Wall x5 |
| 37:13 | anaullo95 · wall_segment Stone Wall x8 |
| 37:44 | anaullo95 · first_building Stable |
| 38:24 | Philip Morris · first_building Monastery |
| 42:10 | anaullo95 · age_up imperial |
| 45:27 | Philip Morris · wall_segment Palisade Wall x1 |
| 45:34 | Philip Morris · wall_segment Palisade Wall x1 |
| 46:14 | Philip Morris · resign |
[ ANÁLISIS IA · 1 CRÉDITO ]
¿Qué pasó realmente en esta partida?
Wolo.gg analiza cada decisión: build order, eco, micro, errores típicos por bracket. Análisis personalizado por WhatsApp o Discord en 30 segundos.
Guía civ
Bizantinos
Perfil
Jugador #25983101